 Dungeon Crawl Stone Soup version 0.27-a0-604-g29a88b33a7 (webtiles) character file.

Game seed: 8978858655014534447

19 jasper the Sneak (level 2, 0/13 HPs)
             Began as a Spriggan Enchanter on Mar 12, 2021.
             Slain by a kobold
             ... wielding a +0 short sword
              (2 damage)
             ... on level 1 of the Dungeon.
             The game lasted 00:00:44 (225 turns).

jasper the Sneak (Spriggan Enchanter)                Turns: 225, Time: 00:00:44

Health: 0/13       AC:  2    Str:  4    XL:     2   Next: 55%
Magic:  6/6        EV: 17    Int: 16    God:
Gold:   7          SH:  0    Dex: 15    Spells: 5/6 levels left

rFire    . . .     SeeInvis +   d - +0 short sword (vamp)
rCold    . . .     Faith    .   (shield restricted)
rNeg     . . .     Spirit   .   b - +0 robe
rPois    .         Reflect  .   (helmet restricted)
rElec    .         Harm     .   (no cloak)
rCorr    .         Rampage  .   (gloves unavailable)
Will     .....                  (boots unavailable)
Stlth    +++.......             (no amulet)
HPRegen  0.04/turn              (no ring)
MPRegen  0.10/turn              (no ring)

@: very quick
A: very small, unfitting armour, see invisible, speed 3
a: no special abilities


You were on level 1 of the Dungeon.
You visited 1 branch of the dungeon, and saw 1 of its levels.

You collected 7 gold pieces.

Inventory:

Hand Weapons
 a - a +1 dagger
 d - a +0 vampiric short sword (weapon)
Armour
 b - a +0 robe (worn)
Scrolls
 c - a scroll of magic mapping {unknown}


   Skills:
 - Level 1.1 Short Blades
 + Level 3.0 Dodging
 * Level 5.0 Stealth
 + Level 2.9 Spellcasting
 * Level 4.1 Hexes


You had 5 spell levels left.
You knew the following spells:

 Your Spells              Type           Power      Damage    Failure   Level
a - Corona                Hex            16%        N/A       3%          1

Your spell library contained the following spells:

 Spells                   Type           Power      Damage    Failure   Level
 Confusing Touch          Hex            15%        N/A       11%         3
 Tukima's Dance           Hex            15%        N/A       11%         3
 Ensorcelled Hibernation  Hex/Ice        16%        N/A       12%         2
 Dazzling Flash           Conj/Hex       16%        N/A       24%         3


Dungeon Overview and Level Annotations

Branches:
Dungeon (1/15)

Altars:


Innate Abilities, Weirdness & Mutations

You are very small and have problems with some larger weapons.
You are too small for most types of armour.
You have supernaturally acute eyesight. (SInv)
You cover ground extremely quickly. (Speed+++)


Message History

You kill the dart slug!
Your Dodging skill increases to level 3!
Your Stealth skill increases to level 5!
You regained 3 hp, and now have 12/13 hp.
You closely miss the kobold.
The kobold hits you with a +0 short sword.
You take 1 damage, and have 11/13 hp.
You hit the kobold but do no damage. The kobold closely misses you.
You hit the kobold but do no damage. The kobold misses you.
You completely miss the kobold. The kobold misses you.
The kobold hits you with a +0 short sword.
You take 3 damage, and have 8/13 hp.
MASSIVE DAMAGE!!
You closely miss the kobold. The kobold closely misses you.
You hit the kobold.
You feel better.
The kobold is heavily wounded.
The kobold completely misses you.
You regained 2 hp, and now have 10/13 hp.
You miss the kobold.
The kobold is heavily wounded.
The kobold hits you with a +0 short sword.
You take 3 damage, and have 7/13 hp.
MASSIVE DAMAGE!!
You barely miss the kobold.
The kobold is heavily wounded.
The kobold hits you with a +0 short sword.
* * * LOW HITPOINT WARNING * * *
You hit the kobold but do no damage.
The kobold is heavily wounded.
The kobold barely misses you.
You closely miss the kobold.
The kobold is heavily wounded.
The kobold closely misses you.
You take 6 damage, and have 1/13 hp.
MASSIVE DAMAGE!!
The hobgoblin shouts!
You hit the kobold but do no damage.
The kobold is heavily wounded.
The kobold closely misses you.
You hit the kobold.
You feel better.
The kobold is severely wounded.
The kobold hits you with a +0 short sword.
You die...

##..........# #.........#.#####
#...######..# #####...###....##
#...######..# #....#....#...
#.#........######....##.....#####
#.#.######. #.....####....#..###
#.#.#....# #...# #....##...#
#.#.#<.#.# ..g #†..##..#...
#.#.####.# #.######........##.
#.#......# #?@Kw......####..
#.######## ####.......# #..
#.......# ##. #.....#.#
.######.#...#.#
..........l#...#.########
..........#B.......#.....?
.........grg...............
....[......................


You could see a dart slug, a hobgoblin and a kobold.

Vanquished Creatures
  2 dart slugs (D:1)
  A leopard gecko (D:1)
  A giant cockroach (D:1)
  3 goblins (D:1)
  4 bats (D:1)
  2 frilled lizards (D:1)
  2 rats (D:1)
15 creatures vanquished.

Notes
Turn   | Place    | Note
-------+----------+-------------------------------------------
     0 | D:1      | jasper the Spriggan Enchanter began the quest for the Orb.
     0 | D:1      | Reached XP level 1. HP: 9/9 MP: 5/5
   182 | D:1      | Reached XP level 2. HP: 13/13 MP: 6/6
   214 | D:1      | Reached skill level 5 in Stealth
   225 | D:1      | Slain by a kobold

Illustrated notes

Levels and vault maps discovered:
D:1:      zelgadis_glass_arrival_small, layout_rooms

Skill      XL: |  1  2 |
---------------+-------+-----
Hexes          | 4 |  4.1
Dodging        | 3 |  3.0
Stealth        | 5 |  5.0
Short Blades   | |  1.1
Spellcasting   | |  2.9

Action                   || total
-------------------------++-------
Melee: Short sword       ||    53
       Dagger            ||     9
 Stab: Sleeping          ||     4
Armor: Robe              ||     9
Dodge: Dodged            ||    55

Table legend: (Time is in decaauts)
 A = Elapsed time spent in this place.
 B = Non-inter-level travel time spent in this place.
 C = Inter-level travel time spent in this place.
 D = Time resting spent in this place.
 E = Time spent auto-exploring this place.
 F = Levels seen in this place.
 G = Mean time per level.
                   A        B        C        D        E       F      G
               +--------+--------+--------+--------+--------+-----+--------+
         Total |    162 |    162 |      0 |      0 |     34 |   1 |  162.0 |
       Dungeon |    162 |    162 |      0 |      0 |     34 |   1 |  162.0 |
               +--------+--------+--------+--------+--------+-----+--------+

Top non-repeatable levels by time:
     D:1: 162 daAuts
